 Dungeon Crawl Stone Soup version 0.31-a0-265-gcf7e37af1d (webtiles) character file.

Game seed: 15420013351269008637

29 qw the Shooter (level 3, 0/29 HPs)
             Began as a Minotaur Hexslinger on July 13, 2023.
             Frozen to death by an endoplasm (2 damage)
             ... on level 2 of the Dungeon.
             The game lasted 00:00:19 (682 turns).

qw the Shooter (Minotaur Hexslinger)                 Turns: 682, Time: 00:00:19

Health: 0/29       AC:  2    Str: 12    XL:     3   Next: 1%
Magic:  3/3        EV: 12    Int: 10    God:
Gold:   26         SH:  0    Dex: 14    Spells: 3/4 levels left

rFire   . . .        Y - +1 sling
rCold   + . .        (no shield)
rNeg    . . .        c - +0 robe
rPois   .            (helmet restricted)
rElec   .            (no cloak)
rCorr   .            (no gloves)
SInv    .            (no boots)
Will    .....        (no amulet)
Stlth   +            g - ring of protection from cold
HPRegen 0.24/turn    (no ring)
MPRegen 0.08/turn

%: no passive effects
@: confused
A: horns 2, retaliatory headbutt
a: no special abilities


You were on level 2 of the Dungeon.
You visited 1 branch of the dungeon, and saw 2 of its levels.

You collected 26 gold pieces.


Innate Abilities, Weirdness & Mutations

You have a pair of horns on your head.
You reflexively headbutt those who attack you in melee.


   Skills:
 - Level 2.0 Fighting
 + Level 3.5 Ranged Weapons
 - Level 2.1 Dodging
 - Level 1.0 Spellcasting
 - Level 2.0 Hexes


You had 3 spell levels left.
You knew the following spells:

 Your Spells              Type           Power      Damage    Failure   Level
a - Slow                  Hex            16%        N/A       16%         1

Your spell library contained the following spells:

 Spells                   Type           Power      Damage    Failure   Level
 Inner Flame              Hex/Fire       2%         N/A       56%         3
 Portal Projectile        Hex/Tloc       4%         N/A       56%         3
 Cause Fear               Hex            2%         N/A       83%         4

Inventory:

Hand Weapons
 Y - a +1 sling (weapon)
Armour
 c - a +0 robe (worn)
Jewellery
 g - a ring of protection from cold (left hand)
Potions
 d - a potion of ambrosia {unknown}
 e - a potion of degeneration {unknown}
 h - a potion of curing {unknown}

Dungeon Overview and Level Annotations

Branches:
Dungeon (2/15)

Altars:

Annotations:
D:2 Sigmund


Message History

Enter note: Sigmund shouts!
Enter note: You shoot a sling bullet.
The sling bullet hits Sigmund.
Sigmund is moderately wounded.
Sigmund points at you and mumbles some strange words.
The puff of flame hits you! Sigmund casts a spell at you.
You resist with significant effort.
You shoot a sling bullet. The sling bullet barely misses Sigmund.
A ball python comes into view.
An endoplasm comes into view.
The ball python moves out of view.
You shoot a sling bullet. The sling bullet hits Sigmund.
Sigmund is heavily wounded.
Sigmund says, "I'm your fate." Sigmund casts a spell at you.
You resist with significant effort.
You shoot a sling bullet. The sling bullet hits Sigmund.
Sigmund is heavily wounded.
You shoot a sling bullet. The sling bullet hits Sigmund.
Sigmund is severely wounded.
Sigmund hits you from afar with a +0 scythe!
You shoot a sling bullet. The sling bullet hits Sigmund.
Sigmund is severely wounded.
Sigmund casts a spell at you.
You are confused.
Sigmund closely misses you. Sigmund gestures at you while chanting.
The magic dart hits you! The endoplasm freezes you.
You are frozen.
You resist. The endoplasm hits you.
Sigmund breathes a few words.
Sigmund's hands start flickering wildly.
Sigmund closely misses you. The endoplasm barely misses you.
Sigmund closely misses you. The endoplasm freezes you.
You are frozen.
You resist.
You die...

......####### ....
7.7.7.7...... .#....###
............ ......#..
7.7.7......
.#....#.######..........
......#.#...............
#....@.#.# #......####
###...J...## #.......##.
......P@P..####.####..#.
........77.P......###...
........77.7......##....
..........77......##.<..
........P.P.7.P<..##....
###.....#P%.P.....##....
#...........PP7...##....
#.........#....P........
#.........#.............


You could see Sigmund and an endoplasm.

Vanquished Creatures
  A dart slug (D:1)
  3 ball pythons (D:1)
  3 endoplasms
  2 giant cockroaches (D:1)
  3 goblins (D:1)
  2 hobgoblins (D:1)
  A quokka (D:1)
  2 bats (D:1)
  A frilled lizard (D:1)
  4 kobolds (D:1)
  3 rats
25 creatures vanquished.

Notes
Turn   | Place    | Note
-------+----------+-------------------------------------------
     0 | D:1      | qw the Minotaur Hexslinger began the quest for the Orb.
     0 | D:1      | Reached XP level 1. HP: 16/16 MP: 1/1
     0 | D:1      | 0 ||| qw: Version: 0.3-a-52-g30416fa
     0 | D:1      | 0 ||| qw: Game counter: 7585
     0 | D:1      | 0 ||| qw: Melee chars always use a shield: true
     0 | D:1      | 0 ||| qw: God list: Okawaru
     0 | D:1      | 0 ||| qw: Allow faded altars: false
     0 | D:1      | 0 ||| qw: Do Orc after clearing Dungeon:15 true
     0 | D:1      | 0 ||| qw: Do second Lair branch before Depths: true
     0 | D:1      | 0 ||| qw: Lair rune preference: random
     0 | D:1      | 0 ||| qw: Goals: Normal
     0 | D:1      | 0 ||| PLANNING D:1-11
    70 | D:1      | Reached skill level 3 in Ranged Weapons
    70 | D:1      | Reached XP level 2. HP: 23/23 MP: 2/2
   619 | D:1      | 619 ||| UPGRADING to ring of protection from cold.
   620 | D:1      | 620 ||| READING scroll labelled BOALIA AWIFU.
   621 | D:1      | 621 ||| DROPPING scroll of poison.
   660 | D:2      | Reached XP level 3. HP: 29/29 MP: 3/3
   664 | D:2      | Noticed Sigmund
   679 | D:2      | HP: 7/29 [Sigmund/magic dart (7)]
   680 | D:2      | HP: 2/29 [endoplasm (3)]
   682 | D:2      | Frozen to death by an endoplasm

Levels and vault maps discovered:
D:1:      dpeg_arrival_rooms_c, layout_basic
D:2:      layout_basic, serial_forest, infiniplex_forest_clump_diagonal,
          infiniplex_forest_clump_double, infiniplex_forest_lined_1,
          infiniplex_forest_lined_room_, infiniplex_forest_clump_diagonal,
          infiniplex_forest_end_3, infiniplex_forest_lined_room_3,
          infiniplex_forest_lined_3, grunt_decor_arrowhead, st_stairs_13,
          nicolae_concentric_dashed_squares_mild, uniq_terence, uniq_sigmund

Skill      XL: |  1  2 |
---------------+-------+-----
Ranged Weapons | 3 |  3.5
Fighting       | 2 |  2.0
Dodging        | |  2.1
Spellcasting   | |  1.0
Hexes          | |  2.0

Action                     || total
---------------------------++-------
   Fire: Sling             ||    66
    Use: Scroll            ||     1
 Armour: Robe              ||     2
  Dodge: Dodged            ||    17

Table legend:
 A = Non-vault XP
 B = Vault XP
 C = Vault XP percentage of total XP
 D = Non-vault monster count
 E = Vault monster count
 F = Vault count percentage of total count
                 A         B        C        D         E       F
            +---------+---------+-------+---------+---------+-------
      Total |      42 |       0 |   0.0 |      25 |       0 |   0.0
            +---------+---------+-------+---------+---------+-------
        D:1 |      38 |       0 |   0.0 |      22 |       0 |   0.0
        D:2 |       4 |       0 |   0.0 |       3 |       0 |   0.0
            +---------+---------+-------+---------+---------+-------
